 Dungeon Crawl Stone Soup version 0.23-a0-837-ga3e6480 (webtiles) character file.

167890 ohad the Executioner (level 17, 0/149 HPs)
             Began as a Hill Orc Gladiator on Jan 24, 2019.
             Was the Champion of Makhleb.
             Shot with an arrow by a satyr (6 damage)
             ... on level 3 of the Shoals.
             The game lasted 01:48:27 (30029 turns).

ohad the Executioner (Hill Orc Gladiator)          Turns: 30029, Time: 01:48:27

Health: 0/149      AC: 37    Str: 22    XL:     17   Next: 93%
Magic:  0/17       EV:  5    Int:  8    God:    Makhleb [******]
Gold:   2608       SH:  0    Dex: 17    Spells: 16/16 levels left

rFire    . . .     SeeInvis .   k - +1 executioner's axe (venom)
rCold    + . .     Gourm    .   (shield currently unavailable)
rNeg     + . .     Faith    .   n - +7 crystal plate armour
rPois    .         Spirit   +   c - +0 helmet
rElec    .         Reflect  .   Z - +0 cloak
rCorr    .         Harm     .   R - +2 pair of gloves
MR       ++...                  K - +0 pair of boots
Stlth    ..........             g - amulet of guardian spirit
HPRegen  0.34/turn              P - +3 ring of strength
MPRegen  0.15/turn              N - ring of Igadeaq {rC+ rN+ MR+ MP-9}

@: lethally poisoned (0 -> -2), afraid, held
A: no striking features
a: Minor Destruction, Lesser Servant of Makhleb, Major Destruction, Greater
Servant of Makhleb, Renounce Religion


You were on level 3 of the Shoals.
You worshipped Makhleb.
Makhleb was exalted by your worship.
You were hungry.

You visited 4 branches of the dungeon, and saw 26 of its levels.
You also visited: Ice Cave.

You collected 2780 gold pieces.
You spent 172 gold pieces at shops.

Inventory:

Hand Weapons
 j - a +2 war axe of flaming
 k - a +1 executioner's axe of venom (weapon)
 s - a +6 battleaxe of electrocution
 u - a +0 blowgun
 D - a +0 arbalest
Missiles
 h - 208 bolts
 m - 8 throwing nets
 O - 6 steel tomahawks (quivered)
 T - 7 curare-tipped needles
 U - 5 large rocks
Armour
 c - a +0 helmet (worn)
 n - a +7 crystal plate armour (worn)
 K - a +0 pair of boots (worn)
 R - a +2 pair of gloves (worn)
 W - the +2 shield of the Eleven Orbs {+Inv rF- rC+++ Str+2}
   (You found it on level 9 of the Dungeon)

   It affects your strength (+2).
   It makes you vulnerable to fire.
   It renders you almost immune to cold.
   It lets you turn invisible.
 Z - a +0 cloak (worn)
Jewellery
 g - an amulet of guardian spirit (around neck)
 w - an uncursed ring of protection from magic
 B - the ring "Vuom" {rCorr +Fly rF+}
   (You found it on level 2 of the Shoals)

   [ring of resist corrosion]

   It protects you from fire.
   It lets you fly.
 C - the ring of the Tempest {Fire Str+2}
   (You found it on level 3 of the Lair of Beasts)

   [ring of fire]

   It enhances your fire magic.
   It affects your strength (+2).
   It protects you from fire.
   It makes you vulnerable to cold.
 L - an uncursed ring of ice
 M - an uncursed ring of see invisible
 N - the ring of Igadeaq (right hand) {rC+ rN+ MR+ MP-9}
   (You found it on level 11 of the Dungeon)

   [ring of protection from magic]

   It protects you from cold.
   It protects you from negative energy.
   It affects your resistance to hostile enchantments.
   It affects your magic capacity (-9).
 P - a +3 ring of strength (left hand)
 Q - an uncursed ring of protection from cold
Wands
 q - a wand of polymorph (7)
 H - a wand of digging (5)
 I - a wand of enslavement (9)
Scrolls
 e - 18 scrolls of remove curse
 i - 4 scrolls of enchant weapon
 o - 3 scrolls of fog
 p - 5 scrolls of magic mapping
 r - 7 scrolls of identify
 x - 2 scrolls of fear
 y - 5 scrolls of immolation
 A - a scroll of summoning
 E - 10 scrolls of teleportation
 F - a scroll of amnesia
Potions
 b - 5 potions of flight
 l - a potion of agility
 t - 4 potions of resistance
 z - 2 potions of brilliance
 J - 2 potions of haste
 S - a potion of curing
 Y - a potion of berserk rage
Miscellaneous
 d - a lamp of fire
 v - a phial of floods
 G - a phial of floods
 V - a sack of spiders
Comestibles
 a - 10 chunks of flesh
 f - 43 rations


   Skills:
 - Level 13.1 Fighting
 + Level 23.1 Axes
 - Level 1.7 Throwing
 - Level 13.2 Armour
 - Level 11.9 Dodging
 - Level 3.4 Shields
 - Level 13.3 Invocations


You had 16 spell levels left.
You didn't know any spells.
Your spell library contained the following spells:

 Spells                   Type           Power        Failure   Level  Hunger
 Animate Skeleton         Necr           N/A          100%        1    ##.....
 Apportation              Tloc           #.....       100%        1    ##.....
 Confusing Touch          Hex            #.....       100%        1    ##.....
 Corona                   Hex            #......      100%        1    ##.....
 Magic Dart               Conj           #...         100%        1    ##.....
 Pain                     Necr           #...         100%        1    ##.....
 Sandblast                Erth           #.....       100%        1    ##.....
 Sting                    Conj/Pois      #...         100%        1    ##.....
 Summon Butterflies       Summ           #.......     100%        1    ##.....
 Summon Small Mammal      Summ           #...         100%        1    ##.....
 Blink                    Tloc           N/A          100%        2    ###....
 Call Imp                 Summ           #.......     100%        2    ###....
 Ensorcelled Hibernation  Hex/Ice        #.....       100%        2    ###....
 Passwall                 Tmut/Erth      #.......     100%        2    ###....
 Poisonous Vapours        Pois/Air       #.....       100%        2    ###....
 Slow                     Hex            #.......     100%        2    ###....
 Call Canine Familiar     Summ           #.......     100%        3    ####...
 Confuse                  Hex            #.......     100%        3    ####...
 Conjure Flame            Conj/Fire      #.......     100%        3    ####...
 Dazzling Spray           Conj/Hex       #.....       100%        3    ####...
 Ignite Poison            Fire/Tmut/Pois #.......     100%        3    ####...
 Mephitic Cloud           Conj/Pois/Air  #.......     100%        3    ####...
 Recall                   Summ/Tloc      N/A          100%        3    ####...
 Regeneration             Chrm/Necr      #.........   100%        3    ####...
 Stone Arrow              Conj/Erth      #.....       100%        3    ####...
 Teleport Other           Tloc           #.......     100%        3    ####...
 Tukima's Dance           Hex            #.......     100%        3    ####...
 Vampiric Draining        Necr           #.........   100%        3    ####...
 Animate Dead             Necr           N/A          100%        4    #####..
 Cause Fear               Hex            #.........   100%        4    #####..
 Ice Form                 Ice/Tmut       #.......     100%        4    #####..
 Olgreb's Toxic Radiance  Pois           #.......     100%        4    #####..
 Petrify                  Tmut/Erth      #.......     100%        4    #####..
 Summon Ice Beast         Ice/Summ       #.......     100%        4    #####..
 Bolt of Magma            Conj/Fire/Erth #.........   100%        5    ######.
 Fireball                 Conj/Fire      #.........   100%        5    ######.
 Iskenderun's Battlesphe  Conj/Chrm      #.......     100%        5    ######.
 Lee's Rapid Deconstruct  Erth           #.........   100%        5    ######.
 Metabolic Englaciation   Hex/Ice        #.........   100%        5    ######.
 Silence                  Hex/Air        #.........   100%        5    ######.
 Summon Mana Viper        Hex/Summ       #.......     100%        5    ######.
 Venom Bolt               Conj/Pois      #.........   100%        5    ######.
 Yara's Violent Unravell  Hex/Tmut       #.........   100%        5    ######.
 Bolt of Cold             Conj/Ice       #.........   100%        6    #######
 Bolt of Fire             Conj/Fire      #.........   100%        6    #######
 Deflect Missiles         Chrm/Air       #.........   100%        6    #######
 Freezing Cloud           Conj/Ice/Air   #.........   100%        6    #######
 Iron Shot                Conj/Erth      #.........   100%        6    #######
 Ozocubu's Refrigeration  Ice            #.........   100%        6    #######
 Simulacrum               Ice/Necr       #.........   100%        6    #######
 Malign Gateway           Summ/Tloc      #.........   100%        7    #######
 Orb of Destruction       Conj           #.........   100%        7    #######
 Ring of Flames           Chrm/Fire      #.........   100%        7    #######
 Spellforged Servitor     Conj/Summ      #.........   100%        7    #######
 Summon Hydra             Summ           #.........   100%        7    #######
 Discord                  Hex            #.........   100%        8    #######
 Ignition                 Fire           #.........   100%        8    #######


Dungeon Overview and Level Annotations

Branches:
Dungeon (15/15)            Temple (0/1) D:6            Lair (6/6) D:9
 Shoals (3/4) Lair:2        Snake (0/4) Lair:3        Slime (0/5) Lair:6
    Orc (2/2) D:12            Elf (0/3) Orc:2        Vaults (0/5) D:13
 Depths (0/5) D:15

Altars:
Dithmenos
Elyvilon
Fedhas
Hepliaklqana
Makhleb
Nemelex Xobeh
Okawaru
Qazlal
Ru
Sif Muna
Uskayaw
Vehumet
Xom
Zin
The Shining One
Jiyva

Shops:
Orc:2 (**(

Annotations:
D:4 Menkaure
D:9 2 runed doors, poirepourri's ghost, novice DDFi


Message History

The alligator snapping turtle is smitten.
You struggle against the net.
You feel sick.
Your cacodemon gestures at the snapping turtle.
The snapping turtle appears confused.
The snapping turtle bites your cacodemon.
The satyr shoots an arrow.
The arrow hits your smoke demon!!
The merfolk hits you but does no damage.
The alligator snapping turtle bites you from afar.
* * * LOW HITPOINT WARNING * * *
Your smoke demon gestures at the alligator snapping turtle.
The ball of steam hits the alligator snapping turtle!
You struggle against the net.
Your cacodemon hits the snapping turtle. x2
The snapping turtle is engulfed in a cloud of scalding steam.
The snapping turtle closely misses the satyr.
The merfolk hits you but does no damage.
The satyr shoots an arrow.
The arrow closely misses your smoke demon.
The arrow hits you!
You die...

≈≈ ≈≈≈ ≈≈≈≈≈≈≈≈./## ≈≈≈≈
≈≈≈≈≈≈PP≈≈.#### .≈≈≈≈
≈≈≈≈≈≈P≈P≈....##
.≈≈≈≈≈≈≈≈≈≈≈≈≈P≈P≈P.≈≈..P
.≈≈≈≈≈≈≈≈≈≈≈≈≈≈PP≈PP....
≈≈≈≈≈≈≈≈≈≈≈≈≈≈≈PP^)...
≈≈≈≈≈≈≈≈≈≈≈≈≈≈≈).)(#
≈≈≈≈≈≈≈≈≈≈≈≈≈≈P.@(#
≈≈≈≈≈≈≈≈≈≈≈≈≈≈≈≈§3###
≈≈≈.≈≈≈≈≈≈≈≈≈≈≈mttc.#
......≈≈≈≈≈≈≈(≈§.2)##
####....≈≈≈≈≈≈§≈).).# #
#...4.≈≈≈(§≈≈≈≈.)≈.
####......≈(§..≈≈≈≈.≈≈≈
.......##.≈.##...≈≈(≈≈≈≈≈
......###.≈.<#....≈.≈≈≈≈≈


You could see an alligator snapping turtle, a satyr, a snapping turtle
(confused), a merfolk, a friendly cacodemon and a friendly smoke demon.

Vanquished Creatures
  A kraken (Shoals:2)
  A frost giant (IceCv)
  The ghost of Duammel the Basher, a journeyman NaFi of Ashenzari (Lair:5)
  The ghost of Goofits the Unseen, a journeyman HaGl of Dithmenos (Lair:5)
  4 dire elephants (Lair:6)
  Snorg (Lair:4)
  A spectral kraken (Shoals:2)
  2 fire dragons (D:15)
  Josephine (D:12)
  9 hydras
  The ghost of Kenran the Martial Artist, a journeyman OpFi of Gozag (Lair:3)
  Fannar (Lair:3)
  Erolcha (D:11)
  2 merfolk impalers
  An anaconda (Lair:6)
  5 two-headed ogres
  2 dancing weapons (D:13)
  3 centaur warriors (D:14)
  2 satyrs
  3 tengu warriors (D:13)
  7 death yaks
  4 orc high priests (Orc:2)
  Nergalle (D:12)
  2 unseen horrors
  6 harpies
  4 sea snakes
  5 orc knights (Orc:2)
  7 ugly things
  13 fauns
  2 deep elf magi
  6 manticores
  6 cyclopes
  18 elephants
  Maurice (D:12)
  2 rust devils (D:8)
  An ice statue (IceCv)
  2 gargoyles
  A guardian serpent (shapeshifter) (D:15)
  9 merfolk sirens
  7 spiny frogs
  5 black mambas
  2 centaur skeletons
  4 kobold demonologists
  7 rime drakes
  6 komodo dragons
  2 efreet
  A tengu conjurer (D:13)
  3 wind drakes
  7 trolls
  14 merfolk
  15 polar bears
  A hornet (D:14)
  8 slime creatures (D:12)
  18 dream sheep
  27 blink frogs
  A harpy skeleton (D:15)
  8 snapping turtles
  2 spriggans (Lair:4)
  12 hippogriffs
  4 wyverns
  A shadow (D:11)
  6 wraiths
  A water elemental (Shoals:2)
  A steam dragon (D:11)
  57 yaks
  3 basilisks
  5 vampire mosquitoes (D:15)
  2 nagas (Lair:3)
  4 wargs
  An acid dragon (D:12)
  10 water moccasins
  Duvessa (D:7)
  3 porcupines
  28 orc warriors
  8 ice beasts
  2 black mamba simulacra (Lair:3)
  6 sky beasts
  4 black bears
  18 ogres
  22 wolves
  10 centaurs
  9 crocodiles
  10 big kobolds
  15 bullfrogs
  A gnoll sergeant (D:11)
  Dowan (D:7)
  5 scorpions
  A wyvern skeleton (D:10)
  3 killer bees (D:10)
  6 wights
  An elephant simulacrum (Lair:3)
  4 electric eels
  4 howler monkeys
  5 crimson imps
  A komodo dragon simulacrum (Lair:3)
  A hippogriff simulacrum (Lair:3)
  7 centaur zombies
  A bullfrog zombie (D:6)
  5 jellies
  35 orc priests
  A bullfrog skeleton (D:13)
  A gnoll shaman (D:6)
  A water moccasin simulacrum (Lair:3)
  9 hounds
  20 orc wizards
  6 iguanas
  5 worker ants
  A basilisk simulacrum (Lair:3)
  A hound zombie (D:8)
  A howler monkey zombie (D:6)
  11 gnolls
  9 adders
  4 shadow imps
  3 oozes
  3 worms
  3 dart slugs
  6 leopard geckos
  86 orcs
  5 giant cockroaches
  9 goblins
  13 hobgoblins
  18 jackals
  4 quokkas
  A ball python zombie (D:5)
  6 bats
  6 frilled lizards
  A giant cockroach zombie (D:6)
  A jackal skeleton (D:5)
  30 kobolds
  A quokka skeleton (D:4)
  A quokka zombie (D:3)
  23 rats
  6 fungi
  15 plants
  5 tentacles (Shoals:2)
918 creatures vanquished.

Vanquished Creatures (collateral kills)
  The ghost of Meogodd the Martial Artist, an adept GnTm of Cheibriados (Shoals:2)
  A dire elephant (Lair:6)
  A spectral kraken (Shoals:2)
  A satyr (Shoals:3)
  2 fauns
  A manticore (Shoals:3)
  2 merfolk sirens
  3 merfolk (Shoals:3)
  A tentacle (Shoals:2)
13 creatures vanquished.

Vanquished Creatures (others)
  A polar bear (IceCv)
  A sky beast (D:7)
  An orc wizard (D:9)
  An ooze (D:4)
  2 orcs (D:11)
  4 fungi
  18 plants
  11 tentacles (Shoals:2)
39 creatures vanquished.

Grand Total: 970 creatures vanquished

Notes
Turn   | Place    | Note
-------+----------+-------------------------------------------
     0 | D:1      | ohad the Hill Orc Gladiator began the quest for the Orb.
     0 | D:1      | Reached XP level 1. HP: 18/18 MP: 1/1
   137 | D:1      | Reached XP level 2. HP: 24/25 MP: 2/2
   172 | D:1      | Reached skill level 5 in Axes
   198 | D:1      | Reached XP level 3. HP: 11/30 MP: 3/3
   731 | D:2      | Reached skill level 6 in Axes
  1471 | D:2      | Reached XP level 4. HP: 37/37 MP: 4/4
  1478 | D:2      | Reached skill level 1 in Armour
  2532 | D:3      | Found a sacrificial altar of Ru.
  2634 | D:3      | Noticed a sky beast
  2851 | D:3      | Found a shadowy altar of Dithmenos.
  2870 | D:3      | Reached XP level 5. HP: 21/42 MP: 5/5
  2904 | D:3      | Noticed an angel
  3112 | D:3      | Found a hide-covered altar of Uskayaw.
  3198 | D:3      | Found a shimmering altar of Xom.
  3199 | D:3      | Found a glowing silver altar of Zin.
  3325 | D:4      | Found a radiant altar of Vehumet.
  3330 | D:4      | Noticed Menkaure
  3335 | D:3      | Reached skill level 7 in Axes
  3338 | D:3      | Reached XP level 6. HP: 39/50 MP: 6/6
  3341 | D:3      | Reached skill level 8 in Axes
  3591 | D:4      | Reached skill level 9 in Axes
  3615 | D:4      | Found a stormy altar of Qazlal.
  3896 | D:3      | Found a faded altar of an unknown god.
  3974 | D:3      | Reached XP level 7. HP: 56/56 MP: 7/7
  4185 | D:4      | Found a deep blue altar of Sif Muna.
  4213 | D:5      | Entered Level 5 of the Dungeon
  4222 | D:5      | Reached skill level 10 in Axes
  4647 | D:5      | Reached skill level 11 in Axes
  4888 | D:5      | Reached XP level 8. HP: 62/62 MP: 8/8
  4891 | D:5      | Noticed a hippogriff
  4908 | D:5      | Killed a hippogriff
  4908 | D:5      | Reached skill level 12 in Axes
  5138 | D:5      | Noticed a yak
  5139 | D:5      | Noticed a yak
  5139 | D:5      | Noticed a yak
  5153 | D:5      | Killed a yak
  5165 | D:5      | Killed a yak
  5165 | D:5      | Reached skill level 13 in Axes
  5176 | D:5      | Killed a yak
  5374 | D:5      | Found a sparkling altar of Nemelex Xobeh.
  5617 | D:4      | Found a white marble altar of Elyvilon.
  5619 | D:4      | Found a hazy altar of Hepliaklqana.
  5619 | D:4      | Found an iron altar of Okawaru.
  6085 | D:6      | Found a burning altar of Makhleb.
  6091 | D:6      | Became a worshipper of Makhleb the Destroyer
  6128 | D:6      | Reached XP level 9. HP: 68/68 MP: 9/9
  6231 | D:6      | Reached skill level 14 in Axes
  6627 | D:6      | Found a staircase to the Ecumenical Temple.
  6954 | D:7      | Reached skill level 15 in Axes
  7226 | D:6      | Reached * piety under Makhleb
  7392 | D:7      | Noticed Dowan
  7393 | D:7      | Noticed Duvessa
  7515 | D:7      | Killed Duvessa
  7533 | D:7      | Killed Dowan
  8042 | D:7      | Reached skill level 16 in Axes
  8649 | D:7      | Reached XP level 10. HP: 60/74 MP: 10/10
  8660 | D:7      | Reached skill level 5 in Armour
  8855 | D:7      | Found a sparkling altar of Nemelex Xobeh.
 10353 | D:9      | Got a jewelled shield
 10359 | D:9      | Identified the +2 shield of the Eleven Orbs {+Inv rF- rC+++
                  | Str+2} (You found it on level 9 of the Dungeon)
 10422 | D:9      | Reached ** piety under Makhleb
 10491 | D:9      | Noticed a three-headed hydra
 10500 | D:9      | Killed a one-headed hydra
 10500 | D:9      | Reached skill level 5 in Dodging
 10713 | D:9      | Reached skill level 1 in Shields
 10835 | D:9      | Reached XP level 11. HP: 80/82 MP: 11/11
 10869 | D:9      | Found a staircase to the Lair.
 11253 | D:9      | Found a large runed door.
 11253 | D:9      | Found a large runed door.
 11254 | D:9      | Noticed poirepourri's ghost (novice DDFi)
 11493 | Lair:1   | Entered Level 1 of the Lair of Beasts
 11503 | Lair:1   | Reached skill level 5 in Fighting
 11522 | Lair:1   | Noticed a six-headed hydra
 11761 | Lair:1   | Killed a one-headed hydra
 12042 | Lair:1   | Reached *** piety under Makhleb
 12494 | Lair:1   | Noticed a seven-headed hydra
 12503 | Lair:1   | Killed a one-headed hydra
 13725 | Lair:2   | Reached XP level 12. HP: 100/100 MP: 15/15
 14069 | Lair:2   | Found a staircase to the Shoals.
 14464 | Lair:3   | Found a staircase to the Snake Pit.
 14479 | Lair:3   | Reached skill level 10 in Armour
 14625 | Lair:3   | Reached **** piety under Makhleb
 14682 | Lair:3   | Noticed Kenran's ghost (journeyman OpFi)
 14689 | Lair:3   | Found a runed gate.
 14689 | Lair:3   | Found a runed gate.
 14689 | Lair:3   | Found a runed gate.
 14776 | Lair:3   | Killed Kenran's ghost
 14776 | Lair:3   | Reached skill level 10 in Fighting
 14833 | Lair:3   | Got the ring of the Tempest {Fire}
 14925 | Lair:3   | Noticed Fannar
 14966 | Lair:3   | Killed Fannar
 15351 | Lair:4   | Noticed a death yak
 15368 | Lair:4   | Killed a death yak
 15403 | Lair:4   | Noticed a death yak
 15403 | Lair:4   | Noticed a death yak
 15403 | Lair:4   | Noticed a death yak
 15404 | Lair:4   | Noticed a death yak
 15404 | Lair:4   | Noticed a death yak
 15441 | Lair:4   | Killed a death yak
 15448 | Lair:4   | Killed a death yak
 15448 | Lair:4   | Reached XP level 13. HP: 76/118 MP: 16/16
 15575 | Lair:4   | Found a frozen archway.
 15584 | IceCv    | Entered an ice cave
 16243 | IceCv    | Reached ***** piety under Makhleb
 16295 | IceCv    | Reached skill level 10 in Dodging
 16662 | IceCv    | Noticed a frost giant
 16708 | IceCv    | Killed a frost giant
 16975 | Lair:4   | Found a glowing golden altar of the Shining One.
 17011 | Lair:4   | Reached skill level 17 in Axes
 17014 | Lair:4   | Reached XP level 14. HP: 129/129 MP: 17/17
 17391 | Lair:4   | Noticed Snorg
 17406 | Lair:4   | Killed Snorg
 17911 | Lair:5   | Reached skill level 18 in Axes
 18269 | Lair:5   | Found a runed gate.
 18269 | Lair:5   | Found a runed gate.
 18270 | Lair:5   | Found a runed gate.
 18271 | Lair:5   | Noticed Duammel's ghost (journeyman NaFi)
 18272 | Lair:5   | Noticed Goofits's ghost (journeyman HaGl)
 18291 | Lair:5   | Killed Goofits's ghost
 18295 | Lair:5   | Killed Duammel's ghost
 18384 | Lair:5   | Reached skill level 19 in Axes
 18926 | Lair:6   | Entered Level 6 of the Lair of Beasts
 19035 | Lair:6   | Reached ****** piety under Makhleb
 19092 | Lair:6   | Found a runed door.
 19370 | Lair:6   | Reached skill level 20 in Axes
 19759 | Lair:6   | Found a viscous altar of Jiyva.
 19761 | Lair:6   | Found a staircase to the Slime Pits.
 19999 | Lair:6   | Noticed a dire elephant
 19999 | Lair:6   | Noticed a dire elephant
 20016 | Lair:6   | Killed a dire elephant
 20025 | Lair:6   | Killed a dire elephant
 20071 | Lair:6   | Noticed a dire elephant
 20090 | Lair:6   | Killed a dire elephant
 20090 | Lair:6   | Reached XP level 15. HP: 74/135 MP: 18/18
 20861 | D:10     | Entered Level 10 of the Dungeon
 20920 | D:10     | Found Vosmoust's Weapon Emporium.
 21350 | D:10     | Reached skill level 5 in Invocations
 21762 | D:11     | Got a glittering golden ring
 21764 | D:11     | Identified the ring of Igadeaq {rC+ rN+ MR+ MP-9} (You
                  | found it on level 11 of the Dungeon)
 21880 | D:11     | Noticed Erolcha
 21895 | D:11     | Killed Erolcha
 21951 | D:11     | Reached XP level 16. HP: 143/143 MP: 13/22
 22490 | D:12     | Noticed Josephine
 22504 | D:12     | Killed Josephine
 22672 | D:12     | Reached skill level 10 in Invocations
 22675 | D:12     | Found a staircase to the Orcish Mines.
 22803 | D:12     | Noticed Nergalle
 22819 | D:12     | Killed Nergalle
 22915 | D:12     | Noticed Maurice
 22925 | D:12     | Killed Maurice
 23276 | Orc:1    | Entered Level 1 of the Orcish Mines
 23672 | Orc:2    | Entered Level 2 of the Orcish Mines
 23736 | Orc:2    | Found a staircase to the Elven Halls.
 24870 | Orc:2    | Found Gonezop's Weapon Shoppe.
 25067 | Orc:2    | Found Xoaziof's General Store.
 25068 | Orc:2    | Found Elisouju's Weapon Shoppe.
 25069 | Orc:2    | Found Guify's Assorted Antiques.
 25077 | Orc:2    | Bought a pair of embroidered gloves for 172 gold pieces
 25487 | D:13     | Found a gate to the Vaults.
 26107 | D:14     | Reached XP level 17. HP: 149/149 MP: 17/26
 26282 | D:14     | Found a blossoming altar of Fedhas.
 26501 | D:14     | Identified a scroll of acquirement
 26536 | D:15     | Entered Level 15 of the Dungeon
 27111 | D:15     | Found a staircase to the Depths.
 27521 | Shoals:1 | Entered Level 1 of the Shoals
 27576 | Shoals:1 | Reached skill level 21 in Axes
 29142 | Shoals:2 | Found a runed gate.
 29142 | Shoals:2 | Found a runed gate.
 29142 | Shoals:2 | Found a runed gate.
 29177 | Shoals:2 | Reached skill level 22 in Axes
 29407 | Shoals:2 | Noticed Meogodd's ghost (adept GnTm)
 29446 | Shoals:2 | Killed Meogodd's ghost
 29451 | Shoals:2 | Got a crude lead ring
 29453 | Shoals:2 | Identified the ring "Vuom" {rCorr +Fly rF+} (You found it
                  | on level 2 of the Shoals)
 29481 | Shoals:2 | Identified the Guide on the Twisted Birds
 29531 | Shoals:2 | Noticed a kraken
 29538 | Shoals:2 | Killed a kraken
 30004 | Shoals:3 | Reached skill level 23 in Axes
 30027 | Shoals:3 | HP: 7/149 [poisoned by a merfolk impaler]
 30029 | Shoals:3 | Shot with an arrow by a satyr

Vault maps used:
D:1:      lemuel_arrival_lava_pool
D:2:      minmay_rat_hole
D:3:      grunt_temple_overflow_order_and_chaos_1, overflow_temple_1_default,
          eat_drink_and_be_merry_uskayaw, chequers_ecumenical_altar_grove,
          nicolae_ru_awakened_eye
D:4:      led_sif_book, fiery_altar_vehumet, minitemple, first_ration,
          uniq_menkaure
D:5:      nicolae_overflow_hidden_temple, chequers_serial_rivers_small_a,
          hangedman_decor_lopped
D:6:      minmay_temple_entry_trees, makhleb_heckhound_becter
D:7:      basic_altar, uniq_duvessa
D:8:      cheibrodos_iron_armory, kennysheep_donut
D:9:      erik_lair_orcish_takeover, ebering_ghost_disaster_area,
          hangedman_ranch
D:10:     serial_rivers, chequers_serial_rivers_room_a,
          chequers_serial_rivers_marsh, chequers_serial_rivers_small_a,
          chequers_serial_rivers_micro_b, chequers_serial_rivers_small_3,
          chequers_serial_rivers_micro_d, serial_shops,
          nicolae_shop_statue_plus, minmay_joined_circles
D:11:     feat_on_display, uniq_erolcha
D:12:     erik_orc_3, uniq_josephine, uniq_maurice, uniq_nergalle
D:13:     erik_vaults_1, st_stairs_3
D:14:     nicolae_two_hexagons, fedhas_altar_3
D:15:     grunt_enter_depths_hoard, minmay_stone_trees_medium
Lair:1:   st_stairs_11, dpeg_stationary_puzzle
Lair:2:   elwin_shoals_entry_stream
Lair:3:   guppyfry_snake_entry_island, gammafunk_ghost_icy, serial_bayou_pond_c,
          uniq_fannar
Lair:4:   wad_woods_stonehenge, portal_ice_cave_entry_pillars_1,
          lemuel_fruit_tree, uniq_snorg
Lair:5:   gammafunk_ghost_cemetery
Lair:6:   due_jungle_book, slime_altar_2, serial_bayou_lagoon_a, minivault_24,
          st_stairs_11, infiniplex_staircase_pool_2
Shoals:2: ebering_ghost_davey_jones
Orc:2:    st_orc_pillars
IceCv:    ice_cave_caverns_02

Skill      XL: |  1  2  3  4  5  6  7  8  9 10 11 12 13 14 15 16 17 |
---------------+----------------------------------------------------+-----
Axes           | 5 6 7 9 11 13 16 17 20 23 | 23.1
Armour         | 2 4 7 10 11 13 | 13.2
Dodging        | 6 8 10 11 | 11.9
Fighting       | 3 7 12 13 | 13.1
Shields        | 3 |  3.4
Invocations    | 4 8 13 | 13.3
Throwing       | |  1.7

Action                   |  1- 3 |  4- 6 |  7- 9 | 10-12 | 13-15 | 16-18 || total
-------------------------+-------+-------+-------+-------+-------+-------++-------
Melee: War axe           |   115 |   214 |   416 |   789 |   371 |     4 ||  1909
       Hand axe          |       |       |       |    36 |    58 |       ||    94
       Battleaxe         |       |       |       |       |   491 |   675 ||  1166
       Executioner's axe |       |       |       |       |       |   306 ||   306
Throw: Throwing net      |       |     3 |       |       |       |       ||     3
       Tomahawk          |       |       |       |       |       |     2 ||     2
Invok: Lesser Servant of |       |       |       |       |     1 |     5 ||     6
       Greater Servant o |       |       |       |       |       |     4 ||     4
  Use: Scroll            |     2 |     8 |     4 |     3 |    11 |    13 ||    41
       Potion            |       |       |     1 |       |     7 |    12 ||    20
 Stab: Distracted        |       |       |       |       |       |     2 ||     2
  Eat: Chunk             |     2 |     8 |    12 |    17 |    17 |    26 ||    82
       Ration            |       |       |     1 |     2 |     1 |       ||     4
Armor: Leather armour    |    27 |       |       |       |       |       ||    27
       Plate armour      |     8 |   207 |   187 |   287 |   145 |       ||   834
       Chain mail        |       |       |    17 |       |   202 |       ||   219
       Crystal plate arm |       |       |       |       |    87 |   791 ||   878
Dodge: Dodged            |    89 |    79 |   113 |   162 |   460 |   486 ||  1389
Block: Shield            |       |       |       |   289 |   212 |       ||   501

Table legend:
 A = Non-vault XP
 B = Vault XP
 C = Vault XP percentage of total XP
 D = Non-vault monster count
 E = Vault monster count
 F = Vault count percentage of total count
                 A         B        C        D         E       F
            +---------+---------+-------+---------+---------+-------
      Total |  136391 |   57890 |  29.8 |     661 |     245 |  27.0
            +---------+---------+-------+---------+---------+-------
        D:1 |      50 |       0 |   0.0 |      28 |       0 |   0.0
        D:2 |      41 |      20 |  32.8 |      19 |      19 |  50.0
        D:3 |     341 |       0 |   0.0 |      33 |       0 |   0.0
        D:4 |     187 |       0 |   0.0 |      17 |       0 |   0.0
        D:5 |    1537 |       0 |   0.0 |      35 |       0 |   0.0
        D:6 |    1009 |      42 |   4.0 |      33 |       1 |   2.9
        D:7 |    1481 |     225 |  13.2 |      23 |       2 |   8.0
        D:8 |     498 |    1202 |  70.7 |      13 |       4 |  23.5
        D:9 |    1599 |    2952 |  64.9 |      27 |      18 |  40.0
       D:10 |    2216 |    1806 |  44.9 |      11 |      10 |  47.6
       D:11 |    6099 |     999 |  14.1 |      51 |       1 |   1.9
       D:12 |    7588 |    4090 |  35.0 |      40 |      26 |  39.4
       D:13 |    4092 |    2098 |  33.9 |      18 |       4 |  18.2
       D:14 |   13383 |       0 |   0.0 |      30 |       0 |   0.0
       D:15 |    6520 |    1996 |  23.4 |      28 |       2 |   6.7
     Lair:1 |    5435 |     540 |   9.0 |      16 |       3 |  15.8
     Lair:2 |    2967 |    1460 |  33.0 |      12 |       4 |  25.0
     Lair:3 |    4764 |    4331 |  47.6 |      20 |      15 |  42.9
     Lair:4 |   13468 |    3097 |  18.7 |      34 |       9 |  20.9
     Lair:5 |    8394 |    2969 |  26.1 |      26 |       2 |   7.1
     Lair:6 |   14459 |    4904 |  25.3 |      32 |      14 |  30.4
   Shoals:1 |   12606 |       0 |   0.0 |      26 |       0 |   0.0
   Shoals:2 |   13915 |    3314 |  19.2 |      29 |       3 |   9.4
   Shoals:3 |   10231 |       0 |   0.0 |      26 |       0 |   0.0
      Orc:1 |    1153 |       0 |   0.0 |      16 |       0 |   0.0
      Orc:2 |    2358 |    9044 |  79.3 |      18 |      54 |  75.0
      IceCv |       0 |   12801 | 100.0 |       0 |      54 | 100.0
            +---------+---------+-------+---------+---------+-------
